 Dungeon Crawl Stone Soup version 0.31-a0-325-g067879e3d3 (webtiles) character file.

Game seed: 11250187592208620280

1096 IdlyInterested the Sneak (level 8, -1/60 HPs)
             Began as a Demonspawn Gladiator on July 18, 2023.
             Killed by divine providence
             ... invoked by an orc priest
              (15 damage)
             ... on level 5 of the Dungeon.
             The game lasted 00:20:06 (4867 turns).

IdlyInterested the Sneak (Demonspawn Gladiator)     Turns: 4867, Time: 00:20:06

Health: -1/60      AC: 19    Str: 16    XL:     8   Next: 10%
Magic:  12/12      EV: 12    Int: 11    God:
Gold:   106        SH:  0    Dex: 14    Spells: 12/12 levels left

rFire   + . .        q - +2 scimitar (protect)
rCold   . . .        (no shield)
rNeg    . . .        g - +3 leather armour {rF+}
rPois   .            b - +1 helmet
rElec   .            y - +0 cloak
rCorr   .            (no gloves)
SInv    .            t - +0 pair of boots
Will    .....        (no amulet)
Stlth   +++          (no ring)
HPRegen 0.30/turn    (no ring)
MPRegen 0.13/turn

%: no passive effects
@: under a protective aura
A: sharp scales 2, demonic magic 2
a: no special abilities


You were on level 5 of the Dungeon.
You visited 1 branch of the dungeon, and saw 5 of its levels.
You also visited: Sewer.

You collected 315 gold pieces.
You spent 209 gold pieces at shops.

Inventory:

Hand Weapons
 m - a +2 dagger of venom
 q - a +2 scimitar of protection (weapon)
 u - a +4 short sword
 D - a +2 vampiric falchion
 G - a +2 dagger of freezing
 K - a +0 dagger of electrocution
Missiles
 c - 17 poisoned darts (quivered)
 d - 3 throwing nets
 e - 6 javelins
 o - 27 stones
 E - 7 curare-tipped darts
Armour
 b - a +1 helmet (worn)
 g - a +3 leather armour of fire resistance (worn)
 j - an orb of guile
 t - a +0 pair of boots (worn)
 y - a +0 cloak (worn)
 z - the +0 chain mail of Insecurity {rC+}
   (You bought it in a shop on level 1 of the Dungeon)

   rC:        It protects you from cold.
Magical Staves
 C - a staff of air
Scrolls
 a - a scroll of vulnerability {unknown}
 f - a scroll of poison
 h - a scroll of noise {unknown}
 i - 2 scrolls of blinking
 k - a scroll of teleportation
 r - a scroll of fear {unknown}
 s - a scroll of brand weapon {unknown}
 v - 2 scrolls of immolation
 F - a scroll of enchant armour
 H - a scroll of enchant weapon {unknown}
 I - a scroll of butterflies {unknown}
Potions
 l - 3 potions of attraction
 n - 4 potions of curing
 p - 2 potions of haste
 w - a potion of lignification
 x - a potion of might {unknown}
 A - a potion of magic {unknown}
 B - a potion of berserk rage
 J - a potion of mutation {unknown}
 L - a potion of brilliance {unknown}


   Skills:
 - Level 4.0 Fighting
 * Level 4.7 Short Blades
 - Level 3.1 Maces & Flails
 - Level 1.7 Throwing
 - Level 1.1 Armour
 - Level 2.6 Dodging
 + Level 5.1 Stealth
 + Level 2.9 Spellcasting
 - Level 1.0 Evocations


You had 12 spell levels left.
You didn't know any spells.
Your spell library contained the following spells:

 Spells                   Type           Power      Damage    Failure   Level
 Vhi's Electric Charge    Tloc/Air       2%         N/A       69%         3
 Arcjolt                  Conj/Air       0%         1d10      100%        5
 Maxwell's Capacitive Co  Air            0%         ∞         100%        8


Dungeon Overview and Level Annotations

Branches:
Dungeon (5/15)              Sewer (visited)
 Temple: D:4-7

Altars:

Shops:
D:1 [


Innate Abilities, Weirdness & Mutations

You are mostly covered in razor-sharp scales. (AC +2, Slay +2)
Spells you cast may paralyse nearby enemies.


Message History

You hit the orc.
Your weapon exudes an aura of protection.
The orc is moderately wounded.
You hear a shout!
The orc closely misses you.
The orc priest looks braver for a moment.
You hit the orc.
You kill the orc!
The orc wizard barely misses you.
You hit the orc wizard.
The orc wizard is moderately wounded.
The orc priest invokes the aid of Beogh against you.
Beogh smites you! The orc wizard barely misses you.
You slash the orc wizard!
You kill the orc wizard!
The orc priest begins to cast a cantrip, but forgets the words!
You slash the orc priest! Your punch misses the orc priest.
The orc priest is severely wounded.
The orc priest hits you with a +0 war axe.
The orc priest hits you but does no damage.
You slash the orc priest!
You kill the orc priest!
You slash the orc!
You kill the orc!
The orc priest calls down the wrath of Beogh upon you.
Beogh smites you!
Items here: )))))) [[[ †††.
You barely miss the orc priest.
The orc priest mumbles some strange prayers to Beogh against you.
Beogh smites you!
You hit the orc priest.
The orc priest is moderately wounded.
The orc priest looks encouraged for a moment.
The orc priest hits you but does no damage.
The orc priest mumbles some strange prayers to Beogh against you.
Beogh smites you!
* * * LOW HITPOINT WARNING * * *
The orc priest invokes the aid of Beogh against you.
Beogh smites you!
You die...

### ##.# #..##### #..#...####
####.#..#.....
#######....#.#..>...
##oo@)...#...........
##†.#######........... ######(.##
##...........
******#....(.########............
,,,,,*#...(.)###.................
,,,,,,#.(....#...#####.#.#.......
,,.........o.....#####.....#.....
,,......[.....##.................
,,............######..<...[.#....


You could see 2 orc priests.

Vanquished Creatures
  Eustachio (D:4)
  An ogre (D:4)
  A phantom (D:4)
  3 kobold brigands (Sewer)
  A howler monkey (D:4)
  3 hounds
  2 orc priests
  A gnoll bouda (D:5)
  Ijyb (D:3)
  An iguana (D:4)
  2 orc wizards
  5 gnolls
  8 adders
  A river rat (Sewer)
  A worm (D:5)
  2 dart slugs
  10 orcs
  8 ball pythons
  6 endoplasms
  4 giant cockroaches
  14 goblins
  8 hobgoblins
  15 jackals
  12 kobolds
  3 quokkas
  4 bats
  8 frilled lizards
  12 rats
138 creatures vanquished.

Vanquished Creatures (others)
  2 gnolls (D:3)
2 creatures vanquished.

Grand Total: 140 creatures vanquished

Notes
Turn   | Place    | Note
-------+----------+-------------------------------------------
     0 | D:1      | IdlyInterested the Demonspawn Gladiator began the quest for
                  | the Orb.
     0 | D:1      | Reached XP level 1. HP: 16/16 MP: 1/1
    16 | D:1      | Found Kiset's Antique Armour Shop.
    58 | D:1      | Gained mutation: You are partially covered in razor-sharp
                  | scales. (AC +1, Slay +1) [demonic ancestry]
    58 | D:1      | Reached XP level 2. HP: 22/22 MP: 2/2
    77 | D:1      | Reached skill level 1 in Evocations
   262 | D:1      | Found a faded altar of an unknown god.
   363 | D:1      | HP: 1/23 [poisoned by a goblin]
   462 | D:1      | Reached skill level 1 in Stealth
   462 | D:1      | Reached XP level 3. HP: 25/28 MP: 3/3
  1351 | D:2      | Reached skill level 1 in Armour
  1496 | D:2      | Gained mutation: Spells you cast may paralyse adjacent
                  | enemies. [demonic ancestry]
  1496 | D:2      | Reached XP level 4. HP: 35/35 MP: 4/4
  1702 | D:3      | Noticed Ijyb
  1722 | D:3      | Killed Ijyb
  1903 | D:3      | Reached skill level 2 in Stealth
  1911 | D:3      | Gained mutation: Spells you cast may paralyse nearby
                  | enemies. [demonic ancestry]
  1911 | D:3      | Reached XP level 5. HP: 17/41 MP: 5/5
  2058 | D:3      | Reached skill level 1 in Short Blades
  2694 | D:1      | Bought a masterwork chain mail for 209 gold pieces
  2694 | D:1      | Identified the +0 chain mail of Insecurity {rC+} (You
                  | bought it in a shop on level 1 of the Dungeon)
  3193 | D:4      | Reached skill level 3 in Stealth
  3287 | D:4      | Reached XP level 6. HP: 48/48 MP: 6/6
  3533 | D:4      | Reached skill level 4 in Stealth
  3837 | D:4      | Noticed Eustachio
  3851 | D:4      | Killed Eustachio
  3852 | D:4      | Reached skill level 1 in Spellcasting
  3852 | D:4      | Gained mutation: You are mostly covered in razor-sharp
                  | scales. (AC +2, Slay +2) [demonic ancestry]
  3852 | D:4      | Reached XP level 7. HP: 48/54 MP: 7/9
  3945 | D:5      | Entered Level 5 of the Dungeon
  3964 | D:5      | Found a glowing drain.
  3989 | Sewer    | Entered a sewer
  4770 | D:5      | Reached skill level 5 in Stealth
  4797 | D:5      | Reached XP level 8. HP: 52/60 MP: 12/12
  4867 | D:5      | Killed from afar by an orc priest

Illustrated notes

Levels and vault maps discovered:
D:1:      wheals_arrival_shading, layout_rooms, serial_shops, shop,
          ebering_ecumenical_altar_sacrificial
D:2:      layout_loops_cross, minmay_gold_behind_fungi, moated_statue,
          serial_bayou_lagoon_a, minmay_splitting_lines
D:3:      layout_basic, uniq_ijyb
D:4:      layout_loops_ring, minmay_ogre_servants, uniq_eustachio
D:5:      layout_rooms, cheibrodos_sewer_entry_drain,
          minmay_hollow_rounded_squares

Skill      XL: |  1  2  3  4  5  6  7 |
---------------+----------------------+-----
Evocations     | 1 |  1.0
Stealth        | 1 2 3 4 5 |  5.1
Maces & Flails | 3 |  3.1
Fighting       | 3 4 |  4.0
Armour         | 1 |  1.1
Short Blades   | 1 3 4 |  4.7
Spellcasting   | 1 2 |  2.9
Throwing       | |  1.7
Dodging        | |  2.6

Action                     |  1- 3 |  4- 6 |  7- 9 || total
---------------------------+-------+-------+-------++-------
  Melee: Flail             |    61 |       |       ||    61
         Punch             |     2 |     4 |     9 ||    15
         Dagger            |    46 |    79 |    21 ||   146
         Short sword       |       |   108 |       ||   108
         Scimitar          |       |       |   237 ||   237
         Falchion          |       |       |    35 ||    35
  Throw: Dart              |       |     3 |     8 ||    11
         Javelin           |       |     1 |       ||     1
         Stone             |       |     3 |       ||     3
         Throwing net      |       |     1 |       ||     1
  Evoke: Wand              |       |     6 |       ||     6
    Use: Potion            |     2 |     1 |       ||     3
         Scroll            |     4 |     2 |     3 ||     9
   Stab: Sleeping          |       |     1 |     2 ||     3
 Armour: Leather armour    |    31 |    66 |    94 ||   191
         Ring mail         |    22 |       |       ||    22
  Dodge: Dodged            |    70 |   114 |   143 ||   327

Table legend: (Time is in decaauts)
 A = Elapsed time spent in this place.
 B = Non-inter-level travel time spent in this place.
 C = Inter-level travel time spent in this place.
 D = Time resting spent in this place.
 E = Time spent auto-exploring this place.
 F = Levels seen in this place.
 G = Mean time per level.
                   A        B        C        D        E       F      G
               +--------+--------+--------+--------+--------+-----+--------+
         Total |   5062 |   4534 |    528 |    838 |   1810 |   6 |  843.7 |
       Dungeon |   4211 |   3683 |    528 |    777 |   1719 |   5 |  842.2 |
         Sewer |    851 |    851 |      0 |     61 |     91 |   1 |  851.0 |
               +--------+--------+--------+--------+--------+-----+--------+

Top non-repeatable levels by time:
     D:4: 1106 daAuts
     D:3: 1051 daAuts
     D:2: 923 daAuts
     D:1: 891 daAuts
   Sewer: 851 daAuts
     D:5: 238 daAuts
